[Event "ESP-ch Teams Primera 2022"]
[Site "Sanxenxo Pontevedra"]
[Date "2022.09.22"]
[Round "6.3"]
[White "Ponomariov, Ruslan"]
[Black "Laiz Ibanez, Hector"]
[Result "1-0"]
[ECO "B90"]
[WhiteElo "2640"]
[BlackElo "2327"]
[Annotator "TA"]
[PlyCount "51"]
[EventDate "2022.09.17"]
[EventType "team-tourn"]
[EventCountry "ESP"]
[SourceTitle "playchess.com"]
[Source "ChessBase"]
[SourceQuality "1"]
[TimeControl "5400+30"]

1. e4 c5 2. Nf3 d6 3. d4 cxd4 4. Nxd4 Nf6 5. Nc3 a6 6. Be3 e5 7. Nb3 Be6 8. Qd2 Nbd7 9. O-O-O {[%emt 0:00:39] B90: Sicilian Najdorf: Unusual White 6th moves, 6 Be3 Ng4 and 6 Be3 e5.} Be7 {[%emt 0:00:21] 9...b5 gains popularity.} 10. h3 b5 11. g4 {[%emt 0:01:31] The position is equal.} O-O 12. Kb1 b4 13. Nd5 Bxd5 14. exd5 a5 15. Bb5 Nb6 {[%emt 0:17:40] [#] aiming for ...a4.} 16. Bc6 {[%emt 0:01:57] A strong pair of Bishops.} Nc4 17. Qd3 Nxe3 {[%emt 0:00:06] [#]} 18. Qxe3 $146 ({Predecessor:} 18. fxe3 Ra7 19. Nd2 Nd7 20. Ne4 Bh4 21. c4 bxc3 22. Qxc3 Nf6 23. Nd2 Nd7 24. Rc1 {1-0 (55) Mcdermott,F (2185)-Nucci,L (2255) ICCF email 2017}) 18... a4 19. Nd2 Ra5 20. Nc4 $36 {[%emt 0:00:26][%mdl 2048] Black is under pressure.} Rc5 21. Qd3 a3 22. b3 Ne8 (22... Qc7 $11) 23. c3 (23. Qd2 $14) 23... Qb8 $1 $11 24. Rhe1 bxc3 25. Nxa3 e4 $2 {[%emt 0:07:00] [#]} (25... Nc7 $11 {and Black has nothing to worry.}) 26. Qxe4 {[%emt 0:02:12] Weighted Error Value: White=0.07 (flawless) /Black=0.23 (precise)} 1-0

[Event "ESP-ch Teams Primera 2022"]
[Site "Sanxenxo Pontevedra"]
[Date "2022.09.22"]
[Round "6.4"]
[White "Abal Cores, Lucas"]
[Black "Franco Alonso, Alejandro"]
[Result "1/2-1/2"]
[ECO "B12"]
[WhiteElo "2291"]
[BlackElo "2432"]
[Annotator "TA"]
[PlyCount "166"]
[EventDate "2022.09.17"]
[EventType "team-tourn"]
[EventCountry "ESP"]
[SourceTitle "playchess.com"]
[Source "ChessBase"]
[SourceQuality "1"]
[TimeControl "5400+30"]

1. e4 c6 2. d4 d5 3. e5 Bf5 4. Nf3 e6 5. Be2 Ne7 6. Nbd2 {B12: Caro-Kann: Advance Variation.} c5 7. c4 Nbc6 {[#]} 8. dxc5 $146 ({Predecessor:} 8. O-O cxd4 9. Nb3 {½-½ (9) Rusche,J (2282)-Pitl,G (2395) Germany 2017}) 8... d4 9. Qa4 d3 {[%mdl 1024] Black has compensation.} 10. Bd1 Ng6 11. Nb3 (11. h3 $11 {remains equal.}) 11... Be7 $17 12. Nbd4 O-O 13. Nxc6 bxc6 14. Be3 Qc7 15. Bd4 Rfd8 16. O-O Bg4 (16... a5 $17 17. Re1 Rab8) 17. Bc3 $1 $11 Bxc5 18. Nd2 Bxd1 (18... Nxe5 19. Bxe5 Qxe5 20. Bxg4 $16) 19. Raxd1 Nf4 20. Nf3 Ne2+ 21. Kh1 Nxc3 22. bxc3 Rd7 23. Rd2 Rad8 24. Rb1 h6 (24... g6 $15) 25. g3 Bb6 26. Kg2 Bc5 27. h4 Rc8 28. Qd1 Rcd8 29. Qe1 Qa5 30. Rb3 Ba3 31. Rd1 Bc5 (31... d2 $5 32. Rxd2 Rxd2 33. Nxd2 Bf8 $11) 32. Rd2 Ba3 33. Nh2 (33. Nd4 Qa4 $15) 33... Qc5 34. f4 (34. Nf1 $15) 34... a5 $17 35. Qg1 Qxg1+ 36. Kxg1 Bc1 37. Rd1 d2 (37... a4 $17 38. Rb4 d2 39. Rxa4 Rd3) 38. a4 $11 Rd3 39. Kf2 h5 40. Nf1 (40. Nf3 $5 ) 40... Kh7 41. Ke2 Kg6 42. Ne3 R8d7 $36 {[%mdl 2048] Black is more active.} 43. c5 Rd8 44. Kf3 R8d4 45. Ke2 $1 Rd8 46. Kf3 $1 R8d4 ({Black should play} 46... f6 $15) 47. cxd4 (47. Ke2 $1 $11) 47... Rxb3 {[%mdl 4096] Endgame KRB-KRN} 48. Ke4 Rb4 49. f5+ {[#]} Kh7 $1 ({Much weaker is} 49... exf5+ 50. Nxf5 Rb7 51. Nd6 $14) 50. fxe6 fxe6 51. Nf1 Rxa4 52. Nxd2 Bxd2 53. Rxd2 $15 {[#] KR-KR} Ra3 ({Better is} 53... Ra1 $1 $17) 54. Rb2 $11 {And now Rb6 would win. The position is equal.} Rxg3 {Threatens to win with ...Rh3.} 55. Rb6 Rg4+ 56. Ke3 Rg3+ 57. Ke2 g5 58. hxg5 ({Much worse is} 58. Rxc6 gxh4 59. Kf2 (59. Rxe6 $2 h3 $19) 59... Rg4 60. Rxe6 h3) 58... h4 {White must now prevent ...h3.} 59. Rxc6 h3 {Strongly threatening ...h2.} 60. Rxe6 Rxg5 61. Re7+ $1 Kg6 62. Re6+ Kf5 (62... Kh7 $5 63. Re7+ $8 Kg6 64. Re6+ Kh7 $11) 63. Rh6 Ke4 64. c6 {c7 is the strong threat.} Kxd4 65. e6 Rg2+ 66. Kf3 Rg7 67. Kf4 Kd5 68. Kf5 Kxc6 69. Kf6 Rg3 70. Kf7 {aiming for e7+.} Rf3+ 71. Ke8 a4 72. e7+ Kc7 73. Rh4 a3 74. Rc4+ Kb6 75. Kd7 Rd3+ 76. Ke6 Re3+ 77. Kf7 Kb5 78. Rc2 Rf3+ 79. Kg6 Re3 80. Kf7 Kb4 81. e8=Q Rxe8 82. Kxe8 Kb3 83. Rh2 a2 {Weighted Error Value: White=0.13 (very precise) /Black=0.12 (very precise)} 1/2-1/2

[Event "ESP-ch Teams Primera 2022"]
[Site "Sanxenxo Pontevedra"]
[Date "2022.09.22"]
[Round "6.5"]
[White "Gonzalez De La Torre, Santiago"]
[Black "Rodriguez Ferreiros, Andres"]
[Result "1-0"]
[ECO "C00"]
[WhiteElo "2439"]
[BlackElo "2110"]
[Annotator "TA"]
[PlyCount "49"]
[EventDate "2022.09.17"]
[EventType "team-tourn"]
[EventCountry "ESP"]
[SourceTitle "playchess.com"]
[Source "ChessBase"]
[SourceQuality "1"]
[TimeControl "5400+30"]

1. e4 e6 2. Qe2 c5 3. Nf3 Nc6 4. g3 Nge7 5. Bg2 g6 6. h4 {[%emt 0:01:27] C00: French: Unusual White 2nd moves.} h6 {[%emt 0:01:07] [#]} 7. e5 $146 ({Predecessor:} 7. O-O Bg7 8. d3 d6 9. c3 e5 10. Na3 O-O 11. h5 Bg4 12. hxg6 fxg6 13. Qe3 {0-1 (80) Renner,C (2333)-Mischustov,M (2331) Germany 2018}) 7... d6 8. exd6 {[%emt 0:01:41] White has an edge.} Qxd6 9. Nc3 {[%emt 0:04:05][%cal Od2d4] Threatening d4!} Nd5 10. O-O Bg7 {[%emt 0:05:10] Against d4} 11. Ne4 (11. h5 $142) 11... Qe7 $11 12. Qc4 b6 13. d4 Nxd4 (13... Na5 $5 14. Qb5+ Bd7 $15) 14. Nxd4 Bxd4 15. Rd1 $36 {[%emt 0:00:13][%mdl 2048] White is more active.} Bd7 $2 {[%emt 0:32:18] This costs Black the game.} (15... Bb7 $1 $11 {and Black has nothing to worry.}) 16. Rxd4 $18 cxd4 17. Qxd4 O-O-O $2 (17... O-O) 18. c4 Nb4 {[%emt 0:05:04] [#] And now ...Bc6 would win.} 19. c5 ({Less strong is} 19. Bf4 Bc6 20. Nd6+ Kb8 21. Nxf7+ Ka8 22. Nxd8 Rxd8 23. Bxc6+ Nxc6 $18) 19... Nd5 $2 (19... Nc6 20. Nd6+ Kb8) 20. Nd6+ {[%emt 0:00:40] White is clearly winning.} Kb8 21. Bxd5 exd5 22. Bf4 Qe6 23. cxb6 {[%emt 0:02:13] [#] Qc5 would kill now.} g5 24. bxa7+ (24. Qc5 $142 Bc6 25. Qxc6) 24... Ka8 25. Qb6 {[%emt 0:00:08] Weighted Error Value: White=0.07 (flawless) /Black=0.55} 1-0

[Event "ESP-ch Teams Primera 2022"]
[Site "Sanxenxo Pontevedra"]
[Date "2022.09.22"]
[Round "6.6"]
[White "Dorado Meijide, Andrea"]
[Black "Buiza Prieto, Eihartze"]
[Result "0-1"]
[ECO "C90"]
[WhiteElo "1801"]
[BlackElo "2080"]
[Annotator "TA"]
[PlyCount "121"]
[EventDate "2022.09.17"]
[EventType "team-tourn"]
[EventCountry "ESP"]
[SourceTitle "playchess.com"]
[Source "ChessBase"]
[SourceQuality "1"]
[TimeControl "5400+30"]

1. e4 e5 2. Nf3 Nc6 3. Bb5 a6 4. Ba4 Nf6 5. d3 b5 6. Bb3 Be7 7. c3 d6 8. O-O O-O 9. Re1 Na5 10. Bc2 c5 11. Nbd2 Nc6 12. Nf1 Re8 {12...h6 injects fresh life into this line.} 13. Ng3 Bf8 {C90: Closed Ruy Lopez with 7...d6: Early deviations.} 14. a4 Rb8 15. axb5 axb5 {White has an edge.} 16. Bg5 h6 17. Bxf6 Qxf6 18. Bb3 {[#]} g6 $146 ({Predecessor:} 18... Be6 19. Ra6 Rec8 20. Bd5 Bd7 21. Qb3 g6 22. d4 exd4 23. e5 Qg7 24. cxd4 c4 {½-½ (43) David,A (2574)-Stefansson,H (2521) Rhodes 2013}) 19. Nf1 Qd8 20. Ne3 Ne7 21. Qd2 Bg7 22. h3 Rf8 23. Ra7 Kh7 24. Rea1 Bb7 25. c4 (25. h4 $14) 25... f5 26. Nd5 (26. cxb5 $11 Nc8 27. R7a4) 26... bxc4 27. Bxc4 Nxd5 28. exd5 (28. Bxd5 $11 Bxd5 29. exd5) 28... Qb6 29. Qa5 (29. Qd1 $15) 29... Qxa5 (29... Qxb2 $17 {Threatens to win with ...e4.} 30. Qc7 e4) 30. R1xa5 $11 Bc8 31. b3 g5 32. Rc7 {[#] And now Raa7 would win.} Rb7 33. Ra7 (33. Rc6 $1 $14) 33... Rxa7 34. Rxa7 Kg6 35. Nd2 Rf7 36. Ra8 Bd7 37. Ra6 Bf8 38. Nf3 {[#] aiming for Nxe5+.} Kf6 39. Kf1 Be7 40. Ra7 Be8 41. Ra8 Rf8 42. Nd2 h5 43. Ke2 (43. g4 $5) 43... Bf7 44. Ra6 h4 45. f3 Be8 46. Nb1 Bd7 47. Nc3 Rb8 48. Ra7 Be8 49. Ra6 Kf7 50. Nd1 Bd7 51. Ra7 Ke8 52. Ne3 Bd8 53. Ra6 Bc7 54. Ra7 Kd8 55. Ra6 Kc8 56. Ra7 Bb6 57. Ra3 Kb7 {Black is slightly better.} 58. Ba6+ Kc7 59. Bc4 Re8 60. Ra1 Rg8 61. Kf2 {Weighted Error Value: White=0.16 (very precise) /Black=0.14 (very precise)} 0-1

[Event "ESP-ch Teams Primera 2022"]
[Site "Sanxenxo Pontevedra"]
[Date "2022.09.22"]
[Round "6.7"]
[White "Bjerre, Jonas Buhl"]
[Black "Espinosa Aranda, Angel"]
[Result "1-0"]
[ECO "B36"]
[WhiteElo "2598"]
[BlackElo "2428"]
[Annotator "TA"]
[PlyCount "105"]
[EventDate "2022.09.17"]
[EventType "team-tourn"]
[EventCountry "ESP"]
[SourceTitle "playchess.com"]
[Source "ChessBase"]
[SourceQuality "1"]
[TimeControl "5400+30"]

1. e4 c5 2. Nf3 g6 3. d4 cxd4 4. Nxd4 Nc6 5. c4 Nf6 6. Nc3 Nxd4 7. Qxd4 d6 8. Be2 Bg7 9. Be3 O-O 10. Qd2 a5 {[%emt 0:01:47] B36: Sicilian: Maroczy Bind: Gurgenidze System.} 11. Rd1 a4 12. O-O Qa5 {[%emt 0:01:29] The position is equal.} 13. Bd4 Bd7 14. Qe3 Bc6 15. Nd5 Bxd5 16. exd5 Rfe8 17. Rfe1 $5 {[%emt 0:06:01][%mdl 4] [#] Leaves trodden paths.} Rac8 $146 ({Predecessor:} 17... Nd7 18. Bxg7 Kxg7 19. Bf1 Qc5 20. Rd4 Nf6 21. Qd2 Qa5 22. Qd1 Qb4 23. Re2 Rac8 24. Rc2 Rc5 25. Rcd2 Rec8 26. Qe2 Qb6 27. Rf4 R5c7 28. h3 {½-½ (28) Ekstroem,R (2376)-Cebalo,M (2303) Graechen 2017}) 18. Qa3 Qa8 19. Rc1 {[%emt 0:14:23] White is more active.} Bh6 20. Rcd1 Bg7 21. Qb4 (21. h3 $14) 21... b5 $11 22. Qxb5 Rb8 23. Qc6 Qa5 $1 24. c5 dxc5 (24... Ne4 $142 25. Bxg7 Kxg7 26. cxd6 Rec8) 25. Bc3 {[%emt 0:02:12] A strong pair of Bishops.} (25. Bxc5 $2 Rec8 26. Bb6 Qxb6 $19) 25... Qa7 26. d6 exd6 $1 27. Rxd6 $2 {[%emt 0:00:23] [#]} (27. Bf3 $15) 27... Rbc8 $2 (27... a3 $1 $19 28. b3 (28. Bxf6 $2 Bxf6 29. b3 Bc3 $19) (28. Rxf6 $2 axb2 29. Bxb2 Qxa2 $19) 28... Ne4 29. Bxg7 (29. Rd7 $2 Qxd7 30. Qxd7 Nxc3 $19) 29... Nxd6) 28. Qa6 $36 {[%emt 0:06:20][%mdl 2048] White is more active.} (28. Qf3 {with more complications.} Ne4 29. Ra6 Qd7 30. Bxg7 Kxg7 31. Rd1) 28... Qxa6 29. Rxa6 Nd5 30. Bxg7 Kxg7 31. Kf1 c4 (31... Rb8 $5 ) 32. Bf3 Rxe1+ 33. Kxe1 {[%emt 0:00:04][%mdl 4096] Endgame KRB-KRN} Nb4 (33... c3 $1 $11 {keeps the balance.} 34. bxc3 (34. Bxd5 $2 c2 $19) 34... Nxc3) 34. Rxa4 $16 Nd3+ 35. Kd2 {[%emt 0:00:09] aiming for Kc3.} Nxb2 36. Ra3 Nd3 37. Kc3 Nxf2 38. Ra4 Nd3 (38... Re8 $16) 39. Rxc4 $18 Nc5 40. Kc2 (40. Bd5 $18 {is the precise move to win.}) 40... Kf6 $16 41. a4 Ke7 42. a5 Kd7 43. Kc3 Ne6 $2 (43... Rc7 $16 {is tougher.}) 44. a6 $18 Nc7 45. Bb7 Nb5+ $2 (45... Rb8 46. Rb4 Re8) 46. Kb4 Rxc4+ 47. Kxc4 {[%emt 0:00:26] KB-KN} Nd6+ 48. Kd5 {[%emt 0:00:14] White threatens a7 and mate.} Kc7 49. a7 {[%emt 0:00:49] White mates.} Kxb7 50. Kxd6 f5 51. Ke5 Kxa7 52. Kf6 f4 53. h4 {[%emt 0:01:08] Weighted Error Value: White=0.27 (precise) /Black=0.45} 1-0

[Event "ESP-ch Teams Primera 2022"]
[Site "Sanxenxo Pontevedra"]
[Date "2022.09.22"]
[Round "6.8"]
[White "Rubio Mejia, Luis Ignacio"]
[Black "Andersen, Mads"]
[Result "1/2-1/2"]
[ECO "A37"]
[WhiteElo "2399"]
[BlackElo "2597"]
[Annotator "TA"]
[PlyCount "66"]
[EventDate "2022.09.17"]
[EventType "team-tourn"]
[EventCountry "ESP"]
[SourceTitle "playchess.com"]
[Source "ChessBase"]
[SourceQuality "1"]
[TimeControl "5400+30"]

1. c4 c5 2. g3 g6 3. Bg2 Bg7 4. Nc3 Nc6 5. Nf3 d6 6. O-O Nf6 7. d4 O-O 8. dxc5 dxc5 9. Be3 Be6 10. Ng5 Qxd1 {E65: King's Indian: Fianchetto: 6...c5 7 0-0 without d5 by White.} 11. Rfxd1 Bxc4 12. Bxc5 Rfd8 13. Rac1 {[#] With the idea Bxc6.} h6 $146 ({Predecessor:} 13... Rxd1+ 14. Rxd1 h6 15. Nf3 Rc8 16. Nd4 Nxd4 17. Bxd4 b6 18. Be5 Be6 19. Bb7 Rc5 {½-½ (31) King,D (2545)-Pekarek,A (2475) Germany 1990}) 14. Bxc6 (14. Rxd8+ {seems wilder.} Rxd8 15. Bxc6 bxc6 16. Bxe7 Rb8 17. Nce4) 14... bxc6 15. Rxd8+ Rxd8 16. Bxe7 Rb8 17. Bxf6 Bxf6 {The position is equal.} 18. Nce4 Bxg5 19. Rxc4 {Threatens to win with b3.} Rxb2 20. Nxg5 hxg5 21. Rxc6 Rxa2 $11 {[%mdl 4096] Endgame KR-KR} 22. e4 a5 23. Ra6 Kg7 24. e5 a4 25. Ra7 Kf8 26. h3 a3 27. Kg2 Ra1 28. Kh2 a2 29. Kg2 Ke8 30. Kf3 Kf8 31. Kg4 Re1 $1 32. Rxa2 Rxe5 33. Kf3 Kg7 {Weighted Error Value: White=0.05 (flawless) /Black=0.02 (flawless)} 1/2-1/2

[Event "ESP-ch Teams Primera 2022"]
[Site "Sanxenxo Pontevedra"]
[Date "2022.09.22"]
[Round "6.9"]
[White "Sousa, Andre Ventura"]
[Black "Almagro Llamas, Pablo"]
[Result "1/2-1/2"]
[ECO "A11"]
[WhiteElo "2449"]
[BlackElo "2407"]
[Annotator "TA"]
[PlyCount "158"]
[EventDate "2022.09.17"]
[EventType "team-tourn"]
[EventCountry "ESP"]
[SourceTitle "playchess.com"]
[Source "ChessBase"]
[SourceQuality "1"]
[TimeControl "5400+30"]

1. c4 c6 2. Nf3 d5 3. g3 Nf6 4. Bg2 g6 5. b3 Bg7 6. Bb2 O-O 7. O-O Nbd7 8. Qc2 b6 {[%emt 0:07:05] [#]} 9. Rc1 $146 {[%emt 0:04:44] A11: English Opening: 1...c6.} ({Predecessor:} 9. d4 Bb7 10. Nc3 Qc7 11. Rac1 Rac8 12. Rfd1 e6 13. cxd5 cxd5 14. Qb1 Qb8 15. Ba3 Rfd8 16. Rc2 Ba6 {1-0 (35) Margvelashvili,G (2570)-Kacheishvili,G (2607) ICC INT 2012}) 9... Bb7 10. a4 a5 11. Na3 Rc8 12. Bc3 Bh6 13. e3 Qc7 14. Qb2 Qb8 15. Ne5 Nc5 16. d4 Ncd7 ({Black should try} 16... Nce4 $14) 17. Nxd7 $16 {[%emt 0:02:36] White is more active.} Nxd7 18. b4 (18. cxd5 $142 cxd5 19. b4) 18... axb4 19. Qxb4 c5 20. dxc5 Nxc5 (20... d4 $1 $14 21. Bxb7 (21. Bxd4 Bxg2 22. Kxg2 Qa8+ 23. c6 Nb8 $15) 21... Qxb7 22. exd4 (22. Bxd4 e5 $11) 22... Bxc1 23. Rxc1 Qa6) 21. cxd5 (21. Bxd5 $6 e6 $11) (21. Qxb6 Nxa4 22. Qb1 Nxc3 23. Rxc3 Bg7 $17) 21... Rfd8 22. Qd4 (22. Qxb6 $2 Nxa4 23. Qd4 Nxc3 24. Rxc3 Bg7 25. Rxc8 Qxc8 $19) 22... f6 23. Rab1 {[%emt 0:01:47] Prevents Nb3.} Qa8 24. Nc4 $1 ({Worse is} 24. Rxb6 Bxd5 25. Bxd5+ Rxd5 $11) 24... Nxa4 25. Nxb6 Nxb6 26. Qxb6 Bxd5 27. Bh3 (27. Ra1 $16 Bxg2 28. Rxa8 Bxa8 29. Re1) 27... Rc6 $11 28. Qb5 Be4 29. Qb3+ Bd5 30. Qb4 Bf8 31. Ra1 Ra6 32. Rxa6 Qxa6 33. Rd1 Rd6 $1 34. Bf1 $36 {[%emt 0:02:05][%mdl 2048] White has good play.} Qc6 {[%emt 0:01:24] [#]} (34... Qa8 $1 $11 {remains equal.}) 35. Rxd5 $1 $16 Rxd5 (35... Qxd5 $2 36. Bc4 Kg7 37. Bxd5 $18) 36. Qc4 $1 ({But not} 36. Bc4 $6 e6 37. Bxd5 Bxb4 $11) 36... Qxc4 (36... Qe6 $2 37. e4 Rd6 38. Qxe6+ Rxe6 39. Bc4 $18) 37. Bxc4 e6 {[%emt 0:00:07] White must now prevent ...Rd1+.} 38. Bxd5 ({Not} 38. Bxf6 Rd6 $17) 38... exd5 39. Bxf6 {[%emt 0:00:02][%mdl 4096] Endgame KB-KB} Kf7 40. Bd4 h5 41. h3 Ke6 42. Kg2 Kf5 43. Kf3 Bd6 44. Bb6 Be5 45. Bc5 Bc7 46. Bb4 Bb8 47. Bc3 Bc7 48. Bb2 Bb8 49. Ba1 Bc7 50. Bc3 Bb8 51. Bd2 Bc7 52. Be1 (52. g4+ $16 Ke6 53. Ke2) 52... Bb8 (52... Ke5 $1 $14 {deserves consideration.}) 53. Bb4 Bc7 54. Bf8 Bb8 55. Bh6 Bd6 56. Bf4 Bf8 57. g4+ hxg4+ 58. hxg4+ Ke6 59. Ke2 Be7 60. Kd3 $1 Bc5 61. Bc7 Ba7 62. Kc3 Bc5 63. Kb3 Kf6 {[%emt 0:01:22] [#]} 64. Bf4 $1 Ke6 65. Bh6 Ke5 {[%emt 0:00:48] [#]} 66. f3 $1 Be7 67. Bg7+ Ke6 68. Ka4 Bc5 69. Bd4 Bd6 70. Kb5 Kd7 71. f4 Ba3 72. Bb6 Kd6 73. Ba5 (73. Ba7 $16) 73... Bc1 (73... d4 $1 $14) 74. Bb4+ Kd7 75. Bc5 Bd2 76. Bd4 Kd6 77. f5 (77. Ka4 $16) 77... gxf5 $11 {[%emt 0:00:06] The position is equal.} 78. gxf5 Bxe3 79. Bxe3 {[%emt 0:00:39] White wants to mate with Bd4.} Ke5 {Against Bd4+. White really could win this.  Weighted Error Value: White=0.07 (flawless) /Black=0.15 (very precise)} 1/2-1/2

[Event "ESP-ch Teams Primera 2022"]
[Site "Sanxenxo Pontevedra"]
[Date "2022.09.22"]
[Round "6.10"]
[White "Garcia Cuenca, Victor"]
[Black "Gomez Dieguez, David"]
[Result "0-1"]
[ECO "E43"]
[WhiteElo "2369"]
[BlackElo "2332"]
[Annotator "TA"]
[PlyCount "100"]
[EventDate "2022.09.17"]
[EventType "team-tourn"]
[EventCountry "ESP"]
[SourceTitle "playchess.com"]
[Source "ChessBase"]
[SourceQuality "1"]
[TimeControl "5400+30"]

1. d4 Nf6 2. c4 e6 3. Nc3 Bb4 4. e3 b6 5. Bd3 Bb7 6. Nf3 Bxc3+ 7. bxc3 O-O 8. O-O d6 9. Nd2 c5 10. e4 {E43: Nimzo-Indian: Rubinstein: 4...b6.} Nc6 11. d5 Ne5 12. Be2 {The position is equal.} Qe7 13. f4 Ng6 14. Bd3 (14. Qe1 $11 {keeps the balance.}) 14... exd5 $17 15. cxd5 Nxd5 16. Nc4 (16. exd5 $17 Qe3+ 17. Rf2 Qxd3 18. c4) 16... Nxc3 $19 {[#]} 17. Qc2 $146 ({Predecessor:} 17. Qe1 Nxe4 18. f5 Ne5 19. Bxe4 Nxc4 20. Bxb7 Qxb7 21. f6 Rfe8 22. Qg3 g6 23. Qh4 {0-1 (34) Ben Artzi,I (2408)-Hovhannisyan,R (2592) Jerusalem 2015}) 17... Nxe4 18. f5 Nh8 19. f6 gxf6 ({Better is} 19... Nxf6 $19 {...Ng6 is the strong threat.} 20. Bb2 Ng6) 20. Bh6 {[#]} (20. Ne3 $11) 20... Rfe8 $1 $17 21. Ne3 Ng6 22. Bc4 {Inhibits d5.} (22. Rae1 $17 {is a better defense.} Qe6 23. Nf5) 22... Rac8 (22... Qd7 $19 {And now ...Re5 would win.} 23. Nd5 f5) 23. Rae1 Qd7 {Inhibits Ng4.} 24. Bd5 {This bishop pair is nice.} (24. h3 $17 d5 25. Bd3) 24... Re5 25. Bxb7 Qxb7 26. Ng4 {Strongly threatening Rxe4.} d5 27. Nxe5 (27. Rxe4 dxe4 28. Nxf6+ Kh8 29. Bd2) 27... fxe5 $19 ({Don't blunder} 27... Nxe5 $2 28. Qd1 $19) 28. Qd3 c4 29. Qf3 Qe7 {White must now prevent ...c3.} 30. h4 {[#]} Qe6 $1 31. h5 (31. Rxe4 dxe4 32. Qxe4) 31... Nh4 32. Qd1 f5 33. g3 (33. Rxe4 $142 dxe4 34. Bg5 Nxg2 35. Kxg2) 33... Nxg3 ({Inferior is} 33... Qxh6 34. Qxd5+ Kh8 35. Qxe5+ Qg7 36. Qxg7+ Kxg7 37. gxh4 $17) 34. Bg5 $2 (34. Rf4 Kh8 35. Rxh4) 34... Nxf1 35. Bxh4 {[#]} c3 $1 36. Kxf1 (36. Rxf1 Rc4) 36... c2 37. Qd2 f4 {Hoping for ...Qh3+.} 38. Qg2+ Kf7 39. h6 c1=Q {Black mates.} 40. Qg7+ Ke8 41. Rxc1 Qh3+ 42. Kf2 Qxh4+ {KQR-KQR} 43. Kg2 f3+ 44. Kxf3 Qf4+ 45. Ke2 Rxc1 46. Qh8+ Kd7 47. Qxh7+ Kd6 48. Qg6+ Kc5 49. h7 Qf1+ 50. Ke3 d4+ {Weighted Error Value: White=0.75/Black=0.34} 0-1

[Event "ESP-ch Teams Primera 2022"]
[Site "Sanxenxo Pontevedra"]
[Date "2022.09.22"]
[Round "6.11"]
[White "Gomez Carreno, Martin"]
[Black "Guadamuro Torrente, Anabel"]
[Result "1/2-1/2"]
[ECO "C67"]
[WhiteElo "2155"]
[BlackElo "2102"]
[Annotator "TA"]
[PlyCount "109"]
[EventDate "2022.09.17"]
[EventType "team-tourn"]
[EventCountry "ESP"]
[SourceTitle "playchess.com"]
[Source "ChessBase"]
[SourceQuality "1"]
[TimeControl "5400+30"]

1. e4 e5 2. Nf3 Nc6 3. Bb5 Nf6 4. O-O Nxe4 5. Re1 Nd6 6. Nxe5 Be7 7. Bf1 Nxe5 8. Rxe5 O-O 9. d4 Bf6 10. Re1 b6 {C67: Ruy Lopez: Berlin Defence: 4 0-0 Nxe4.} 11. Bf4 Nf5 12. c3 {[#]} Bb7 $146 {White has an edge.} ({Predecessor:} 12... d5 13. Nd2 Nh4 14. h3 c6 15. Be5 Bxe5 16. Rxe5 Qf6 17. g3 Ng6 18. Re3 Bd7 {1-0 (98) Papp,G (2582)-Sipos,I (2473) Budapest 2019}) 13. Nd2 d5 14. Bd3 Nd6 15. Qf3 g6 16. Nf1 Bg7 (16... Bg5 $14) 17. Qg3 $16 Ne8 18. h4 {[%cal Oh4h5,Bh2h4,Bh4g5][%mdl 32] White has more active pieces. The black rooks are badly placed.} h5 (18... c5 $14) 19. Nh2 c5 20. Bg5 Bf6 (20... Qb8 $142) 21. Nf3 $1 Nd6 (21... Bxg5 $16 22. Nxg5 (22. Qxg5 Qxg5 23. hxg5 Nd6 $11) (22. hxg5 Nd6 $14) 22... Ng7) 22. Ne5 {Bxf6 is the strong threat.} Bxg5 23. hxg5 cxd4 {[#]} 24. cxd4 (24. Nxg6 $1 $18 fxg6 25. Re6) 24... Ne4 $14 25. Bxe4 dxe4 26. d5 e3 27. Rxe3 (27. Rad1 $1 $16) 27... Qxd5 $11 28. Rd3 (28. b3 $5 ) 28... h4 $1 29. Rxd5 (29. Qh2 $1 $14 Qe4 30. Rad1) 29... hxg3 30. Rd7 Rfe8 ({Black should try} 30... Bc8 $11 31. Rc7 gxf2+ 32. Kxf2 Be6) 31. Ng4 ({But not} 31. Rxf7 $2 Bd5 32. Rf6 gxf2+ 33. Kxf2 Rxe5 $19) 31... Bc6 32. Nh6+ Kh8 33. Rxf7 Re2 34. fxg3 Rxg2+ 35. Kf1 {Threatens to win with Rc1.} Rxg3 (35... Rh2 $5 36. Re1 $8 Bd5 $11) 36. Re1 Rf3+ (36... Rxg5 $2 37. Ree7 Rf5+ 38. Nxf5 gxf5 39. Rxa7 $18) 37. Rxf3 Bxf3 {[%mdl 4096] Endgame KRB-KRN} 38. Re7 Bd5 (38... Bh5 $11) 39. a3 (39. b3 $5 ) 39... Rc8 {[#]} ({Black should play} 39... Bb3 $14) 40. Rxa7 (40. Ng4 $1 $16 ) 40... Rc1+ (40... Rc5 $14) 41. Kf2 $16 {aiming for Ng4.} Rc2+ 42. Ke3 Rxb2 {[#]} 43. Kd4 (43. Ng4 $1 $16 {[%cal Rg4f6] Hoping for Nf6.} Bb3 44. Kd4 (44. Ne5 Bc2 $14)) 43... Bf3 44. Rf7 Bh5 45. Ra7 Ra2 46. Kd5 Bf3+ 47. Ke6 Bh5 48. Kd6 Rc2 49. Ke7 Re2+ (49... Rf2 $11) 50. Kf6 (50. Kf8 $1 $14 Rf2+ 51. Nf7+ Kh7 52. Ke7) 50... Rf2+ $11 {The position is equal.} 51. Ke5 b5 52. Kd4 Rg2 53. Kc3 Be2 54. Re7 Bd1 55. Rb7 {Weighted Error Value: White=0.25 (precise) /Black=0.23 (precise)} 1/2-1/2